Map: Port Aleksander LE

Players

Norpix

  • Race: Zerg Zerg
  • League: Platinum
  • Spawn Location: 11:00

Törttö - Winner!

  • Race: Terran Terran
  • League: Master
  • Spawn Location: 5:00

VOD

Have the link to the VOD?

Description

Time

  • Played on: Feb. 15, 2019, 9:51 a.m.
  • Length: 19:16
Show
View Real Time Build Order
Export as new Build Order

Norpix Zerg 

Build Orders: Hatch First, Roach Hydra 

Get SALT Encoding   

  12  0:01  Drone  
  13  0:12  Overlord  
  13  0:18  Drone  
  14  0:31  Drone x2  
  14  0:35  Drone  
  17  0:54  Hatchery  
  16  0:58  Drone  
  16  1:01  Drone  
  18  1:12  Extractor  
  18  1:17  Spawning Pool  
  16  1:20  Drone  
  16  1:23  Drone  
  18  1:28  Drone  
  19  1:40  Overlord  
  19  1:51  Drone  
  20  2:04  Queen  
  20  2:06  Queen  
  20  2:08  Zergling x4  
  26  2:12  Drone  
  26  2:15  Metabolic Boost  
  27  2:24  Drone x2  
  29  2:31  Drone  
  30  2:37  Overlord  
  30  2:50  Drone x3  
  33  3:04  Roach Warren  
  32  3:07  Evolution Chamber, Queen  
  32  3:08  Evolution Chamber  
  32  3:13  Drone x4  
  36  3:39  Drone  
  36  3:40  Drone x5  
  42  3:45  Hatchery  
  41  4:04  Overlord x2  
  41  4:09  Extractor  
  40  4:11  Extractor  
  40  4:14  Drone  
  40  4:15  Drone x2  
  42  4:21  Overlord x2  
  41  4:31  Drone x3  
  41  4:38  Roach  
  46  4:43  Drone x3  
  46  4:44  Drone  
  46  4:45  Drone x2  
  52  5:01  Extractor x2  
  52  5:02  Roach x3  
  55  5:08  Drone  
  55  5:09  Extractor  
  55  5:10  Drone x3  
  58  5:18  Overlord x3  
  58  5:23  Lair  
  58  5:32  Overlord x2  
  58  5:33  Overlord  
  58  5:38  Drone x7  
  65  5:47  Hatchery, Drone  
  65  5:54  Zerg Missile Weapons Level 1  
  65  5:55  Zerg Ground Armor Level 1  
  65  6:00  Drone x7  
  65  6:02  Overlord  
  72  6:18  Roach  
  72  6:19  Roach x4  
  72  6:22  Spore Crawler  
  72  6:24  Spore Crawler  
  72  6:25  Drone  
  75  6:39  Spore Crawler  
  65  6:49  Drone  
  65  6:50  Drone x12  
  76  7:06  Queen  
  76  7:07  Drone  
  76  7:08  Drone x6  
  84  7:15  Spore Crawler  
  83  7:25  Drone  
  83  7:26  Glial Reconstitution, Hydralisk Den  
  83  7:35  Drone x3  
  86  7:49  Zerg Ground Armor Level 2, Zerg Missile Weapons Level 2  
  86  7:57  Hatchery  
  85  8:02  Drone  
  85  8:04  Queen  
  88  8:07  Hydralisk, Grooved Spines  
  88  8:08  Hydralisk x12  
  114  8:29  Drone  
  114  8:30  Overlord, Drone x2  
  114  8:31  Overlord x3  
  114  8:32  Overlord  
  117  8:43  Spine Crawler  
  116  8:54  Drone x3  
  116  8:55  Drone x10  
  129  8:59  Roach x7  
  143  9:08  Drone  
  143  9:09  Infestation Pit  
  143  9:10  Extractor  
  143  9:12  Extractor  
  141  9:18  Muscular Augments  
  137  9:27  Zergling x8  
  137  9:28  Zergling x30  
  152  9:35  Queen  
  152  9:56  Zergling x2  
  152  9:57  Roach x5  
  152  9:58  Roach  
  165  10:01  Overlord x3  
  165  10:02  Overlord x2  
  161  10:20  Hydralisk x5, Roach x5  
  161  10:21  Hydralisk x8  
  166  10:22  Zergling x2  
  166  10:23  Zergling x2  
  166  10:36  Hive  
  166  10:45  Drone x2  
  167  10:54  Zergling x16  
  167  10:55  Zergling x6  
  170  11:02  Drone  
  159  11:23  Roach x5  
  159  11:24  Roach x7  
  157  11:30  Overseer x2  
  157  11:32  Overseer  
  141  11:36  Hydralisk  
  141  11:37  Hydralisk x4  
  124  11:47  Hydralisk x3  
  124  11:48  Hydralisk x4  
  124  11:53  Hatchery  
  137  12:06  Hatchery, Hydralisk  
  137  12:07  Hydralisk x4  
  145  12:53  Hydralisk x12  
  165  13:06  Spire  
  161  13:21  Roach  
  161  13:22  Roach x11  
  177  13:30  Zergling x2  
  177  13:31  Zergling x4  
  166  13:42  Overseer  
  166  13:47  Zergling x12  
  156  14:00  Zergling x2  
  156  14:01  Zergling x8  
  161  14:08  Hydralisk  
  161  14:09  Hydralisk x8  
  174  14:19  Hatchery  
  168  14:30  Zergling x2  
  168  14:31  Zergling x18  
  155  14:43  Corruptor x3  
  155  14:44  Corruptor x2  
  152  14:47  Greater Spire  
  152  14:51  Roach x2  
  152  14:52  Roach  
  136  15:14  Hydralisk x5  
  136  15:15  Hydralisk x3  
  151  15:32  Extractor  
  151  15:35  Extractor  
  141  15:55  Zergling x20  
  141  15:56  Zergling x18  
  130  16:04  Hatchery  
  130  16:10  Roach x3  
  130  16:11  Roach x3  
  129  16:17  Spore Crawler  
  129  16:18  Queen  
  110  16:34  Corruptor x3  
  104  16:47  Hydralisk x4  
  94  17:05  Hydralisk  
  94  17:06  Hydralisk x3  
  94  17:07  Roach  
  96  17:14  Brood Lord  
  78  17:35  Zergling x14  
  78  17:36  Zergling x2  
  79  18:04  Brood Lord  
  79  18:05  Brood Lord  
Show
View Real Time Build Order
Export as new Build Order

Törttö Terran - Winner!

Build Orders: Reaper Expand, Mech 

Get SALT Encoding   

  12  0:01  SCV  
  13  0:13  SCV  
  14  0:19  Supply Depot  
  14  0:26  SCV  
  15  0:40  SCV  
  16  0:43  Barracks  
  16  0:48  Refinery  
  16  0:52  SCV  
  17  1:05  SCV  
  18  1:17  SCV  
  19  1:31  Orbital Command  
  19  1:32  Reaper  
  20  1:44  Command Center  
  20  1:54  Supply Depot  
  20  1:58  SCV  
  21  2:04  Marine  
  22  2:12  Factory  
  22  2:13  SCV  
  23  2:22  Refinery  
  23  2:25  SCV  
  23  2:26  Barracks Reactor  
  24  2:37  SCV  
  25  2:49  SCV  
  26  2:55  Orbital Command  
  26  3:01  SCV  
  26  3:04  Starport  
  27  3:13  Barracks Tech Lab, Hellion x2  
  27  3:14  SCV  
  32  3:23  SCV  
  32  3:26  SCV  
  34  3:28  Supply Depot  
  34  3:38  SCV  
  34  3:39  SCV  
  36  3:44  Viking  
  38  3:50  SCV  
  38  3:51  SCV  
  40  4:03  SCV  
  40  4:04  Command Center, SCV  
  40  4:08  Supply Depot  
  42  4:13  Factory, Barracks Tech Lab  
  42  4:15  Factory  
  42  4:18  SCV x2  
  44  4:30  SCV x2  
  46  4:35  Starport Tech Lab  
  46  4:38  Refinery  
  46  4:39  Engineering Bay  
  46  4:42  SCV  
  46  4:43  SCV  
  48  4:54  Hellion x2  
  48  4:55  SCV x2, Banshee  
  48  4:56  Cloaking Field  
  57  5:07  SCV x2  
  59  5:16  Refinery  
  59  5:19  SCV x2  
  62  5:22  Orbital Command  
  62  5:26  Siege Tank x2, Hellion x2  
  71  5:31  SCV x2  
  71  5:39  Mag-Field Accelerator  
  71  5:43  SCV x2  
  71  5:47  Hellion  
  71  5:49  Orbital Command  
  75  5:55  SCV x2  
  77  5:59  Command Center  
  77  6:08  Supply Depot x2  
  77  6:09  Supply Depot  
  77  6:26  Armory x2  
  77  6:29  SCV x2, Siege Tank x2  
  77  6:30  SCV  
  84  6:41  SCV x2  
  84  6:42  SCV  
  84  6:43  Hellion  
  84  6:44  Hellion  
  85  6:48  Factory x2  
  85  6:53  SCV x2  
  85  6:54  SCV  
  83  7:05  Refinery, SCV x2  
  83  7:06  Refinery, SCV  
  86  7:14  Command Center  
  90  7:15  Hellion, Cyclone  
  90  7:16  Hellion, Cyclone  
  96  7:24  Terran Vehicle And Ship Armor Level 1, Terran Ship Weapons Level 1  
  96  7:26  Supply Depot  
  96  7:27  Supply Depot  
  96  7:28  Orbital Command  
  96  7:29  SCV x2  
  99  7:30  SCV  
  99  7:43  Hellion x2  
  103  7:44  Factory Reactor  
  103  7:45  Factory Tech Lab  
  103  7:48  Cyclone x2  
  103  7:49  Supply Depot  
  109  7:53  Supply Depot x2  
  109  7:54  Supply Depot  
  109  7:55  Supply Depot  
  109  7:58  Infernal Pre-Igniter  
  109  8:01  SCV x3  
  112  8:05  Starport  
  112  8:07  Starport  
  112  8:13  SCV x3  
  112  8:15  Cyclone  
  112  8:18  Hellion x2  
  122  8:22  Missile Turret  
  122  8:23  Missile Turret  
  122  8:25  SCV x3, Missile Turret x2  
  125  8:27  Planetary Fortress  
  125  8:33  Orbital Command  
  125  8:36  Hellion, Cyclone x2  
  125  8:37  Hellion  
  125  8:40  SCV x3  
  138  8:50  Starport Tech Lab  
  138  8:51  Hyperflight Rotors, Starport Tech Lab  
  138  8:55  Neosteel Armor  
  138  8:59  Cyclone  
  141  9:04  Refinery x2  
  141  9:08  Cyclone  
  144  9:10  Cyclone  
  144  9:11  Hellion x3  
  144  9:14  Hellion, Banshee  
  154  9:25  Refinery  
  154  9:29  SCV x3  
  155  9:31  Cyclone  
  155  9:36  Hellion x4, Banshee  
  155  9:37  Banshee  
  172  9:40  Cyclone  
  175  9:59  Refinery  
  175  10:07  Terran Vehicle And Ship Armor Level 2  
  171  10:15  Cyclone x3  
  170  10:24  Hellion x3  
  172  10:29  Banshee x3  
  178  10:47  Factory x3, Cyclone x3  
  146  11:19  Cyclone x2  
  146  11:23  Terran Ship Weapons Level 2  
  143  11:30  Cyclone  
  143  11:31  Hellion x4  
  143  11:32  Banshee x3  
  141  11:36  Orbital Command  
  121  11:43  Factory Tech Lab, SCV x3  
  121  11:45  Factory Tech Lab  
  124  11:48  Supply Depot  
  124  11:50  Supply Depot  
  124  11:51  Factory Tech Lab  
  130  11:54  Supply Depot  
  130  11:55  SCV  
  130  11:56  SCV x3  
  131  12:16  Hellion  
  131  12:17  Hellion x3  
  131  12:18  Cyclone  
  131  12:19  Banshee, Cyclone x5  
  131  12:20  Banshee x2  
  160  12:30  SCV x4  
  160  12:31  SCV  
  165  12:51  Cyclone x5  
  180  13:04  Smart Servos  
  180  13:05  Terran Vehicle And Ship Armor Level 3  
  180  13:16  Cyclone  
  181  13:23  Cyclone x3  
  173  13:32  Cyclone x2  
  173  13:33  Hellion x3  
  173  13:34  Hellion  
  172  13:48  Cyclone  
  172  13:55  Cyclone x3  
  181  14:04  Cyclone x2  
  187  14:18  Command Center  
  187  14:20  Cyclone  
  187  14:21  Command Center  
  181  14:27  Cyclone x3  
  184  14:36  Cyclone x2  
  178  14:44  Hellion x4  
  178  14:45  Banshee x3  
  187  14:52  Cyclone  
  187  14:57  Terran Ship Weapons Level 3  
  187  14:59  Cyclone x2  
  193  15:00  Cyclone  
  193  15:05  Hellion  
  186  15:08  Cyclone x2  
  181  15:24  Cyclone  
  181  15:28  Banshee x3  
  193  15:31  Cyclone x2  
  180  15:58  Cyclone x4  
  180  16:00  Hellion x4  
  200  16:10  Banshee x2  
  197  16:11  Cyclone  
  191  16:33  Hellion x2  
  191  16:34  Hellion x2  
  191  16:39  Factory x2  
  199  16:43  Factory x2  
  190  16:47  Hellion  
  190  16:49  Cyclone x2  
  186  16:56  Cyclone x3  
  192  17:15  Cyclone  
  195  17:21  Cyclone  
  198  17:29  Cyclone x3  
  198  17:30  Cyclone  
  198  17:37  Fusion Core, Factory Tech Lab x2, Factory Reactor x2  
  192  17:48  Cyclone  
  195  17:53  Cyclone  
  183  18:13  Barracks x2  
  183  18:15  Barracks  
  183  18:18  Ghost Academy  
  180  18:21  Planetary Fortress x2  
  180  18:26  Cyclone x5  
Tags
 
Add a new tag
Caveats
  • Supply blocks, unpowered buildings, or Contaminate may cause inaccurate times.
  • Supply counts are checked every 10 seconds.